 Dungeon Crawl Stone Soup version 0.24.0-3-g28a8eb0610 (webtiles) character file.

Game seed: 15043135663216879936, levelgen mode: deterministic

220 Mrkan the Skirmisher (level 5, -7/59 HPs)
             Began as an Ogre Fighter on Nov 1, 2019.
             Mangled by a killer bee (10 damage)
             ... on level 6 of the Dungeon.
             The game lasted 00:04:10 (3641 turns).

Mrkan the Skirmisher (Ogre Fighter)                 Turns: 3641, Time: 00:04:11

Health: -7/59      AC:  3    Str: 21    XL:     5   Next: 97%
Magic:  5/5        EV:  8    Int:  9    God:
Gold:   121        SH:  8    Dex:  8    Spells: 4/4 levels left

rFire    . . .     SeeInvis .   a - +0 flail
rCold    . . .     Gourm    .   c - +0 shield
rNeg     . . .     Faith    .   b - +0 robe
rPois    .         Spirit   .   (helmet restricted)
rElec    .         Reflect  .   (no cloak)
rCorr    .         Harm     .   (gloves unavailable)
MR       .....                  (boots unavailable)
Stlth    +.........             (no amulet)
HPRegen  0.19/turn              (no ring)
MPRegen  0.09/turn              (no ring)

@: lethally poisoned (-7 -> -15), flying
A: large, unfitting armour, tough skin 1
a: no special abilities


You were on level 6 of the Dungeon.
You were not hungry.

You visited 1 branch of the dungeon, and saw 6 of its levels.

You collected 121 gold pieces.

Inventory:

Hand Weapons
 a - a +0 flail (weapon)
 r - a +0 quarterstaff
Armour
 b - a +0 robe (worn)
 c - a +0 shield (worn)
 p - a cursed +0 robe
Jewellery
 d - a +5 ring of protection
Wands
 q - a wand of digging (4)
Scrolls
 e - 2 scrolls of immolation {unknown}
 g - 5 scrolls of identify {unknown}
 i - 2 scrolls of blinking {unknown}
 j - 7 scrolls of remove curse {unknown}
 k - a scroll of random uselessness {unknown}
 l - a scroll of fog {unknown}
 t - a scroll of amnesia {unknown}
Potions
 h - a potion of invisibility {unknown}
 m - a potion of brilliance {unknown}
 n - a potion of mutation {unknown}
 o - a potion of degeneration {unknown}
 s - a potion of flight
 v - a potion of heal wounds {unknown}
Comestibles
 f - 4 rations
 u - a chunk of flesh


   Skills:
 + Level 5.8 Fighting
 * Level 4.6 Maces & Flails
 - Level 2.6 Dodging
 - Level 2.6 Shields


You had 4 spell levels left.
You didn't know any spells.
Your spell library was empty.

Dungeon Overview and Level Annotations

Branches:
Dungeon (7/15)
 Temple: D:4-7

Altars:
Ashenzari
Vehumet


Innate Abilities, Weirdness & Mutations

You are too large for most types of armour.
You have tough skin. (AC +1)


Message History

The killer bee stings you!
* * * LOW HITPOINT WARNING * * *
You are poisoned.
The killer bee poisons you! You block the killer bee's attack. x3
The killer bee stings you.
* * * LOW HITPOINT WARNING * * *
The killer bee stings you.
* * * LOW HITPOINT WARNING * * *
You are more poisoned.
The killer bee poisons you!
You climb upwards.
* * * LOW HITPOINT WARNING * * *
You feel sick.
There is a stone staircase leading down here.
It was a potion of flight.
You feel very buoyant.
You fly up into the air.
* * * LOW HITPOINT WARNING * * *
You feel sick. You block the killer bee's attack. The killer bee stings you!
You die...

..## . Z.. ..##
###
#...####..#####
.............
##...........
#...y.y......
#...y@...#
......y....#
...............
..........##...
........### ..
.......## .
......# ......


You could see 4 killer bees and an adder simulacrum.

Vanquished Creatures
  An orc priest (D:4)
  Natasha (thrice) (D:2)
  4 adders (D:2)
  An ooze (D:2)
  2 worms (D:2)
  2 dart slugs
  A leopard gecko (D:1)
  2 orcs (D:4)
  7 bats
  4 giant cockroaches
  5 goblins
  9 hobgoblins
  6 jackals
  4 kobolds
  2 quokkas
  2 ball pythons (D:2)
  4 frilled lizards
  6 rats
65 creatures vanquished.

Notes
Turn   | Place    | Note
-------+----------+-------------------------------------------
     0 | D:1      | Mrkan the Ogre Fighter began the quest for the Orb.
     0 | D:1      | Reached XP level 1. HP: 24/24 MP: 1/1
   188 | D:1      | Reached XP level 2. HP: 16/32 MP: 2/2
   949 | D:2      | Reached XP level 3. HP: 9/40 MP: 3/3
  1570 | D:2      | Found a radiant altar of Vehumet.
  1571 | D:2      | Found a shattered altar of Ashenzari.
  1722 | D:2      | Reached XP level 4. HP: 27/49 MP: 4/4
  1882 | D:2      | Noticed Natasha
  1908 | D:2      | Killed Natasha
  1908 | D:2      | Reached skill level 5 in Fighting
  1962 | D:2      | Noticed Natasha
  1975 | D:2      | Killed Natasha
  1975 | D:2      | Reached XP level 5. HP: 15/57 MP: 5/5
  2497 | D:2      | Noticed Natasha
  2515 | D:2      | Killed Natasha
  3637 | D:4      | You fall into a shaft and drop 3 floors!
  3641 | D:6      | Mangled by a killer bee

Levels and vault maps discovered:
D:1:      nzn_arrival_settlement, layout_loops_ring, minmay_pentomino_w2
D:2:      layout_rooms, gammafunk_temple_overflow_statue, first_ration,
          hangedman_abyss_or_decor_lesser_grid, uniq_natasha
D:3:      layout_loops_corners, lightli_corner_chamber
D:4:      layout_rooms, grunt_temple_overflow_open, minmay_bisected
D:6:      layout_cave_pools, gammafunk_ghost_icy, minmay_fire_ice_demons
D:7:      lemuel_ice_spiral_2, layout_basic, uniq_menkaure, uniq_joseph

Skill      XL: |  1  2  3  4 |
---------------+-------------+-----
Maces & Flails | 2 3 4 |  4.6
Fighting       | 5 |  5.8
Dodging        | |  2.6
Shields        | |  2.6

Action                   |  1- 3 |  4- 6 || total
-------------------------+-------+-------++-------
Melee: Flail             |   123 |   125 ||   248
  Use: Potion            |     1 |     1 ||     2
 Stab: Sleeping          |     1 |       ||     1
  Eat: Chunk             |     3 |     6 ||     9
Armor: Robe              |    40 |    36 ||    76
Dodge: Dodged            |    42 |    57 ||    99
Block: Shield            |    67 |    60 ||   127
